 Dungeon Crawl Stone Soup version 0.32-a0-975-g85d4e5bfdb (webtiles) character file.

Game seed: 9635149732600112041

523 funkygono the Magician (level 7, 0/36 HPs)
             Began as a Deep Elf Fire Elementalist on Apr 18, 2024.
             Succumbed to a scorpion's poison
             ... on level 5 of the Dungeon.
             The game lasted 00:03:42 (2227 turns).

funkygono the Magician (Deep Elf Fire Elementalist) Turns: 2227, Time: 00:03:43

Health: 0/36       AC:  4    Str:  5    XL:     7   Next: 2%
Magic:  1/19       EV: 12    Int: 22    God:
Gold:   96         SH:  0    Dex: 15    Spells: 17/20 levels left

rFire   . . .        d - +0 dagger
rCold   . . .        (no shield)
rNeg    . . .        a - +0 robe
rPois   .            (no helmet)
rElec   .            (no cloak)
rCorr   .            i - +1 pair of gloves
SInv    .            (no boots)
Will    .....        (no amulet)
Stlth   ++           f - ring of flight
HPRegen 0.26/turn    (no ring)
MPRegen 0.16/turn

%: no passive effects
@: lethally poisoned (0 -> 0), flying
A: no striking features
a: no special abilities


You were on level 5 of the Dungeon.
You visited 1 branch of the dungeon, and saw 4 of its levels.

You collected 96 gold pieces.

Inventory:

Hand Weapons
 d - a +0 dagger (weapon)
Armour
 a - a +0 robe (worn)
 i - a +1 pair of gloves (worn)
Jewellery
 f - a ring of flight (left hand)
Scrolls
 e - 2 scrolls of identify
 g - a scroll of immolation
Potions
 b - 3 potions of magic


   Skills:
 + Level 2.8 Dodging
 - Level 2.6 Stealth
 + Level 7.0 Spellcasting
 + Level 3.1 Conjurations
 + Level 6.0 Fire Magic


You had 17 spell levels left.
You knew the following spells:

 Your Spells              Type           Power      Damage    Failure   Level
a - Foxfire               Conj/Fire      100%       2x1d9     1%          1
b - Scorch                Fire           68%        2d7       1%          2

Your spell library contained the following spells:

 Spells                   Type           Power      Damage    Failure   Level
 Inner Flame              Hex/Fire       20%        N/A       7%          3
 Volatile Blastmotes      Fire/Tloc      40%        2d13      7%          3
 Cigotuvi's Dreadful Rot  Necr/Alch/Air  14%        N/A       12%         2
 Flame Wave               Conj/Fire      27%        2d9       12%         4
 Ignite Poison            Fire/Alch      20%        N/A       24%         4
 Freezing Cloud           Conj/Ice/Air   6%         6-21      83%         5


Dungeon Overview and Level Annotations

Branches:
Dungeon (3/15)

Altars:

Shops:
D:2 [

Annotations:
D:3 inmateoo's ghost, weakling MDFi


Message History

Flames lash the ufetubus.
The ufetubus is burned terribly!
You kill the ufetubus!
* * * LOW HITPOINT WARNING * * *
You feel very sick.
The foxfire hits the scorpion!
You kill the scorpion!
The foxfire hits the ufetubus!
The ufetubus is burned terribly!
The ufetubus is severely wounded.
Your Spellcasting skill increases to level 7!
Your Fire Magic skill increases to level 6!
You have reached level 7!
Casting: Scorch (safe; 1% risk of failure)
Confirm with . or Enter, or press ? or * to list all spells.
You conjure some foxfire!
* * * LOW HITPOINT WARNING * * *
You feel very sick.
The ufetubus hits you but does no damage. x2
Casting: Foxfire (safe; 1% risk of failure)
Confirm with . or Enter, or press ? or * to list all spells.
Flames lash the ufetubus.
The ufetubus is burned terribly!
You kill the ufetubus!
* * * LOW HITPOINT WARNING * * *
You feel sick.
Unknown command.
Okay, then.
As you read the scroll labelled QIZECZ BEPRI, it crumbles to dust.
It is a scroll of enchant armour.
Your +0 pair of gloves glows green for a moment.
* * * LOW HITPOINT WARNING * * *
You feel sick.
* * * LOW HITPOINT WARNING * * *
You feel sick.
Your foxfire dissipates! x2
* * * LOW HITPOINT WARNING * * *
You feel sick.
* * * LOW HITPOINT WARNING * * *
You feel sick.
* * * LOW HITPOINT WARNING * * *
You feel sick.
You die...

#.$..##.#######
#...###
.............).
....... #.# ...)...
#.# §...... #.#
#######...)... #.#
#........../.) #.#
#.......##.# #
#.####.......##.# #
#.@..........##.###
######†......#.....
#.......#.....
#......(#.....
#.......#...).
#####.........
#####..... #.....
######


There were no monsters in sight!

Vanquished Creatures
  Grinder (D:5)
  A phantom (D:5)
  A scorpion (D:5)
  A hound (D:5)
  An iguana (D:5)
  2 orc wizards
  2 ufetubi (D:5)
  A dart slug (D:1)
  A ribbon worm (D:2)
  7 orcs
  2 ball pythons
  3 bats
  4 endoplasms
  3 giant cockroaches (D:1)
  8 hobgoblins
  3 quokkas (D:1)
  2 frilled lizards
  4 goblins (D:1)
  5 kobolds
  5 rats
57 creatures vanquished.

Vanquished Creatures (others)
  167 foxfires
167 creatures vanquished.

Grand Total: 224 creatures vanquished

Notes
Turn   | Place    | Note
-------+----------+-------------------------------------------
     0 | D:1      | funkygono the Deep Elf Fire Elementalist began the quest
                  | for the Orb.
     0 | D:1      | Reached XP level 1. HP: 10/10 MP: 6/6
   194 | D:1      | Reached XP level 2. HP: 15/15 MP: 4/8
   258 | D:1      | Learned a level 2 spell: Scorch
   575 | D:1      | Reached XP level 3. HP: 19/19 MP: 5/9
  1566 | D:2      | Found Unwameown's Antique Armour Emporium.
  1718 | D:3      | Reached skill level 4 in Spellcasting
  1718 | D:3      | Reached XP level 4. HP: 24/24 MP: 6/12
  1991 | D:3      | Noticed inmateoo's ghost (weakling MDFi)
  1993 | D:3      | You are sucked into a shaft and drop 2 floors!
  1993 | D:5      | Entered Level 5 of the Dungeon
  2000 | D:5      | Noticed a phantom
  2008 | D:5      | Killed a phantom
  2009 | D:5      | Reached skill level 5 in Spellcasting
  2009 | D:5      | Reached XP level 5. HP: 28/28 MP: 7/14
  2012 | D:5      | Reached skill level 5 in Fire Magic
  2102 | D:5      | Noticed Grinder
  2132 | D:5      | Killed Grinder
  2133 | D:5      | Reached skill level 6 in Spellcasting
  2133 | D:5      | Reached XP level 6. HP: 17/32 MP: 3/17
  2220 | D:5      | Reached skill level 7 in Spellcasting
  2220 | D:5      | Reached XP level 7. HP: 10/36 MP: 3/19
  2226 | D:5      | HP: 1/36 [poisoned by a scorpion]
  2227 | D:5      | Succumbed to a scorpion's poison

Illustrated notes

Levels and vault maps discovered:
D:1:      minmay_arrival_doors, layout_rooms, minmay_pentomino_v4
D:2:      minmay_wonky_spiral, layout_rooms, serial_shops,
          nicolae_shop_behind_doors, minmay_misc_feat_four_crosses
D:3:      layout_basic, gammafunk_ghost_stat_death, serial_bayou_pond_c,
          nicolae_wormholes
D:5:      layout_basic, general_overflow_altar, portal_sewer_entry_a,
          uniq_grinder

Skill      XL: |  1  2  3  4  5  6 |
---------------+-------------------+-----
Fire Magic     | 4 5 6 |  6.0
Spellcasting   | 4 5 6 7 |  7.0
Conjurations   | 2 3 |  3.1
Dodging        | |  2.8
Stealth        | |  2.6

Action                     |  1- 3 |  4- 6 |  7- 9 || total
---------------------------+-------+-------+-------++-------
  Melee: Dagger            |       |     2 |       ||     2
   Cast: Foxfire           |    65 |    33 |     1 ||    99
         Scorch            |     8 |    11 |     1 ||    20
    Use: Scroll            |     5 |       |     1 ||     6
 Armour: Robe              |     2 |    20 |     2 ||    24
  Dodge: Dodged            |     2 |    25 |       ||    27

Table legend: (Time is in decaauts)
 A = Elapsed time spent in this place.
 B = Non-inter-level travel time spent in this place.
 C = Inter-level travel time spent in this place.
 D = Time resting spent in this place.
 E = Time spent auto-exploring this place.
 F = Levels seen in this place.
 G = Mean time per level.
                   A        B        C        D        E       F      G
               +--------+--------+--------+--------+--------+-----+--------+
         Total |   2226 |   2191 |     35 |     76 |   1651 |   4 |  556.5 |
       Dungeon |   2226 |   2191 |     35 |     76 |   1651 |   4 |  556.5 |
               +--------+--------+--------+--------+--------+-----+--------+

Top non-repeatable levels by time:
     D:1: 911 daAuts
     D:2: 832 daAuts
     D:3: 248 daAuts
     D:5: 233 daAuts
